Map: 暮色之塔

Players

shengy - Winner!

  • Race: Zerg Zerg
  • League: Platinum

yezzerg

  • Race: Zerg Zerg
  • League: Platinum

VOD

Have the link to the VOD?

Description

Time

  • Played on: Dec. 30, 2015, 12:42 a.m.
  • Length: 3:00
Show
View Real Time Build Order
Export as new Build Order

shengy Zerg - Winner!

Build Orders: Pool First 

Get SALT Encoding   

  12  0:01  Drone  
  13  0:08  Drone  
  14  0:17  Overlord  
  14  0:35  Drone x3  
  17  0:46  Drone  
  18  0:51  Spawning Pool  
  18  0:52  Extractor  
  16  0:57  Drone  
  17  1:10  Drone  
  18  1:20  Hatchery  
  17  1:28  Drone  
  17  1:30  Overlord  
  18  1:45  Spine Crawler  
  18  1:46  Zergling x2  
  18  1:52  Zergling x2  
  18  1:57  Queen  
  20  2:13  Zergling x4  
  22  2:26  Zergling x2  
  23  2:34  Baneling Nest  
Show
View Real Time Build Order
Export as new Build Order

yezzerg Zerg 

Build Orders: Pool Only 

Get SALT Encoding   

  12  0:01  Drone  
  13  0:24  Spawning Pool  
  13  0:25  Drone  
  13  0:30  Drone  
  14  0:47  Overlord  
  14  0:53  Drone, Extractor x2  
  15  1:01  Extractor  
  15  1:11  Zergling x4  
  15  1:13  Queen  
  18  1:19  Zergling x2  
  19  1:33  Zergling x2  
  20  1:43  Zergling x2  
  21  1:54  Drone  
  22  2:09  Spine Crawler  
  22  2:10  Zergling x2  
  23  2:28  Overlord  
  23  2:33  Spine Crawler  
  23  2:36  Overlord  
Tags
 
Add a new tag
Caveats
  • Supply blocks, unpowered buildings, or Contaminate may cause inaccurate times.
  • Supply counts are checked every 10 seconds.